 Dungeon Crawl Stone Soup version 0.26.1-2-gb8aa6d0 (webtiles) character file.

Game seed: 6150747438474340696

4954 Geeful the Covert (level 10, 0/63 HPs)
             Began as an Octopode Delver on Mar 24, 2021.
             Was an Elder of Vehumet.
             Slain by a white imp (5 damage)
             ... on level 9 of the Dungeon.
             The game lasted 00:31:45 (9462 turns).

Geeful the Covert (Octopode Delver)                 Turns: 9462, Time: 00:31:46

Health: 0/63       AC:  1    Str: 12    XL:     10   Next: 53%
Magic:  19/19      EV: 18    Int: 15    God:    Vehumet [****..]
Gold:   260        SH:  0    Dex: 14    Spells: 14/21 levels left

rFire    . . .     SeeInvis .   g - +2 dagger (venom)
rCold    . . .     Faith    .   (no shield)
rNeg     + . .     Spirit   .   (helmet restricted)
rPois    +         Reflect  .   s - amulet of the acrobat
rElec    .         Harm     .   n - ring of positive energy
rCorr    .         Rampage  .   t - ring of poison resistance
Will     .....                  (no ring)
Stlth    +++++.....             (no ring)
HPRegen  0.20/turn              (no ring)
MPRegen  0.16/turn              (no ring)
                                (no ring)
                                (no ring)

@: no status effects
A: almost no armour, stealthy swim, amphibious, 8 rings, constrict 8, camouflage
1, gelatinous body 1
a: Renounce Religion


You were on level 9 of the Dungeon.
You worshipped Vehumet.
Vehumet was greatly pleased with you.
You visited 2 branches of the dungeon, and saw 10 of its levels.

You collected 500 gold pieces.
You spent 240 gold pieces at shops.

Inventory:

Hand Weapons
 g - a +2 dagger of venom (weapon)
Missiles
 i - 21 poisoned darts (quivered)
Jewellery
 k - an uncursed ring of fire
 n - a ring of positive energy (left tentacle)
 s - an amulet of the acrobat (around mantle)
 t - a ring of poison resistance (right tentacle)
Wands
 f - a wand of digging (8)
 r - a wand of enslavement (1)
 x - a wand of random effects (6)
 z - a wand of acid (2)
Scrolls
 a - a scroll of teleportation
 b - 3 scrolls of fog
 c - 4 scrolls of magic mapping
 e - 8 scrolls of identify
 h - 4 scrolls of enchant armour
 j - 6 scrolls of remove curse
 v - a scroll of enchant weapon
 y - a scroll of amnesia {unknown}
 E - a scroll of immolation {unknown}
Potions
 l - 2 potions of lignification
 m - 3 potions of flight
 o - 2 potions of berserk rage
 p - a potion of might
 q - a potion of resistance
 u - a potion of brilliance
 w - 2 potions of mutation {unknown}
 A - a potion of ambrosia {unknown}
 B - a potion of degeneration {unknown}
 C - a potion of attraction {unknown}
 D - a potion of heal wounds {unknown}


   Skills:
 - Level 4.0 Fighting
 - Level 3.0 Short Blades
 + Level 7.7 Dodging
 - Level 9.0 Stealth
 + Level 6.2 Spellcasting
 + Level 6.7 Conjurations
 + Level 6.9 Ice Magic


You had 14 spell levels left.
You knew the following spells:

 Your Spells              Type           Power        Failure   Level
a - Freeze                Ice            100%         1%          1
b - Searing Ray           Conj           50%          1%          2
c - Hailstorm             Conj/Ice       25%          2%          4

Your spell library contained the following spells:

 Spells                   Type           Power        Failure   Level
 Dazzling Flash           Conj/Hex       28%          3%          3
 Ensorcelled Hibernation  Hex/Ice        30%          5%          2
 Corona                   Hex            4%           14%         1
 Confusing Touch          Hex            4%           41%         3
 Tukima's Dance           Hex            4%           41%         3


Dungeon Overview and Level Annotations

Branches:
Dungeon (9/15)             Temple (1/1) D:4            Lair (0/6) D:8
    Orc: D:9-12

Altars:
Ashenzari
Cheibriados
Elyvilon
Fedhas
Gozag
Hepliaklqana
Kikubaaqudgha
Makhleb
Nemelex Xobeh
Okawaru
Qazlal
Ru
Sif Muna
Trog
Uskayaw
Vehumet
Wu Jian
Xom
Yredelemnul
Zin
The Shining One

Shops:
D:5 (   D:6 =   D:8 *

Annotations:
D:9 Psyche


Innate Abilities, Weirdness & Mutations

You cannot wear most types of armour.
You are very stealthy in the water. (Stealth+)
You are amphibious.
You can wear up to eight rings at the same time.
You can use your tentacles to constrict eight enemies at once.
Your skin changes colour to match your surroundings (Stealth+).
Your rubbery body absorbs attacks. (AC +1, EV +1)


Message History

Psyche hits you with a +4 dagger of chaos.
You are electrocuted!!
Aiming: Corrosive Bolt
Press: ? - help, Shift-Dir - straight line, f - Psyche
Aim: Psyche, wielding a +4 dagger of chaos and wearing a +0 robe of cold resistance (lightly wounded, 36% to evade)
The bolt of acid hits Psyche!
Psyche is splashed with acid.
The acid corrodes Psyche!
Psyche is heavily wounded.
Psyche barely misses you. The white imp hits you.
* * * LOW HITPOINT WARNING * * *
The white imp freezes you.
* * * LOW HITPOINT WARNING * * *
Psyche hits you with a +4 dagger of chaos.
* * * LOW HITPOINT WARNING * * *
As you read the scroll of fear, it crumbles to dust.
You assume a fearsome visage.
Psyche looks frightened!
The white imp is unaffected.
The white imp hits you.
* * * LOW HITPOINT WARNING * * *
The white imp freezes you.
You die...

.............
.............
##########... # #... #.
#...
##..#################...
.......................>
........@.............(.
...(...@5...........####
.[..................#
....................#
....................#
....................####
........................
########################


You could see Psyche (fleeing, corroded) and a white imp.

Vanquished Creatures
  A two-headed ogre (D:9)
  A troll (D:9)
  2 wyverns (D:8)
  A yak (D:8)
  2 water moccasins
  2 orc warriors
  A sky beast (D:8)
  4 ice beasts
  A hornet zombie (D:7)
  6 ogres
  A big kobold (D:9)
  5 bullfrogs
  4 scorpions
  A howler monkey (D:6)
  3 lava snakes (D:8)
  3 orc priests
  6 hounds
  15 orc wizards
  2 iguanas
  Jessica (D:2)
  7 worker ants
  2 worker ant zombies (D:7)
  Robin (D:4)
  11 adders
  3 shadow imps
  A white imp (D:8)
  2 ufetubi
  An adder skeleton (D:7)
  An adder zombie (D:5)
  3 worms
  5 leopard geckos
  22 orcs
  4 bats (D:2)
  13 goblins
  8 hobgoblins
  17 jackals
  8 quokkas
  8 frilled lizards
  A jackal skeleton (D:5)
  16 kobolds
  A leopard gecko skeleton (D:7)
  A leopard gecko zombie (D:8)
  A rat (D:3)
  A spectral orc (D:2)
200 creatures vanquished.

Vanquished Creatures (collateral kills)
  A yak (D:8)
  A centaur (D:8)
2 creatures vanquished.

Vanquished Creatures (others)
  4 yaks (D:8)
  A water moccasin (D:8)
  19 plants
24 creatures vanquished.

Grand Total: 226 creatures vanquished

Notes
Turn   | Place    | Note
-------+----------+-------------------------------------------
     0 | D:5      | Geeful the Octopode Delver began the quest for the Orb.
     0 | D:5      | Reached XP level 1. HP: 16/16 MP: 1/1
    67 | D:4      | Found a staircase to the Ecumenical Temple.
    67 | D:4      | Noticed Robin
    98 | D:5      | Reached XP level 2. HP: 21/21 MP: 2/2
   136 | D:5      | Reached XP level 3. HP: 19/26 MP: 3/3
   248 | D:5      | Noticed an ogre
   257 | D:5      | Noticed an ogre
   433 | D:5      | Reached skill level 7 in Stealth
   729 | D:4      | Killed Robin
   932 | Temple   | Entered the Ecumenical Temple
  1156 | Temple   | Became a worshipper of Vehumet
  1188 | D:4      | Reached XP level 4. HP: 32/32 MP: 4/4
  2270 | D:2      | Reached XP level 5. HP: 37/37 MP: 5/5
  2388 | D:2      | Reached * piety under Vehumet
  2388 | D:2      | Offered knowledge of Freeze by Vehumet.
  2391 | D:2      | Learned a level 1 spell: Freeze
  2457 | D:2      | Noticed Jessica
  2467 | D:2      | Killed Jessica
  2503 | D:2      | Found a blossoming altar of Fedhas.
  2650 | D:2      | Found a stormy altar of Qazlal.
  2719 | D:2      | Found a basalt altar of Yredelemnul.
  3037 | D:3      | Found an opulent altar of Gozag.
  3138 | D:3      | Reached skill level 1 in Ice Magic
  3410 | D:3      | Reached ** piety under Vehumet
  3410 | D:3      | Offered knowledge of Searing Ray by Vehumet.
  3414 | D:3      | Learned a level 2 spell: Searing Ray
  3557 | D:3      | Reached XP level 6. HP: 40/43 MP: 7/7
  3650 | D:4      | Reached skill level 1 in Spellcasting
  3818 | D:4      | Reached skill level 8 in Stealth
  3818 | D:4      | Reached skill level 1 in Conjurations
  4188 | D:5      | Reached XP level 7. HP: 29/48 MP: 9/9
  4610 | D:6      | Found Rudeob's Jewellery Shoppe.
  4618 | D:6      | Bought an uncursed ring of poison resistance for 240 gold
                  | pieces
  5171 | D:6      | Reached XP level 8. HP: 40/54 MP: 10/12
  5176 | D:6      | Reached skill level 9 in Stealth
  5722 | D:7      | Offered knowledge of Conjure Flame by Vehumet.
  5832 | D:7      | Got a jewelled halberd
  5833 | D:7      | Identified the cursed +1 halberd "Beavvuism" {vorpal, rN+
                  | Int-4 Dex+3} (You found it on level 7 of the Dungeon)
  5996 | D:7      | Reached skill level 5 in Dodging
  6204 | D:7      | Found an ancient bone altar of Kikubaaqudgha.
  6229 | D:7      | Found a blossoming altar of Fedhas.
  6230 | D:7      | Found a glowing golden altar of the Shining One.
  6825 | D:7      | Found a glowing silver altar of Zin.
  6859 | D:7      | Reached XP level 9. HP: 58/58 MP: 13/15
  7363 | D:8      | Found a staircase to the Lair.
  7414 | D:8      | Reached *** piety under Vehumet
  7415 | D:8      | Reached skill level 5 in Ice Magic
  7425 | D:8      | Reached skill level 5 in Conjurations
  7559 | D:8      | Reached skill level 5 in Spellcasting
  7715 | D:8      | Found Iriodaol's General Store.
  7888 | D:8      | Offered knowledge of Hailstorm by Vehumet.
  7895 | D:8      | Learned a level 4 spell: Hailstorm
  8321 | D:8      | Reached XP level 10. HP: 63/63 MP: 18/18
  8956 | D:9      | Noticed a two-headed ogre
  8981 | D:9      | Killed a two-headed ogre
  8992 | D:9      | Reached **** piety under Vehumet
  9451 | D:9      | Noticed Psyche
  9462 | D:9      | Slain by a white imp

Illustrated notes

Levels and vault maps discovered:
D:1:      matt_arrival_spirals, layout_loops_ring
D:2:      layout_loops_ring, marbit_many_paths,
          yredelemnul_forgotten_temple_becter, fedhas_ov_isle_minmay,
          uniq_jessica
D:3:      layout_basic, nicolae_gozag_seed_capital
D:4:      layout_cave_pools, minmay_temple_entry_overgrown,
          kennysheep_generic_room_14, uniq_robin
D:5:      layout_cave_pools, serial_shops, nicolae_shop_crystal,
          chequers_serial_rivers_micro_a
D:6:      layout_loops_ring, serial_shops, shop, hangedman_decor_diamond_cutter,
          minmay_misc_feat_encased
D:7:      minmay_flawed_box, layout_loops_ring, zin_scriptorium, minitemple,
          chequers_avenue, grunt_ministairs_6
D:8:      layout_basic, minmay_lair_entry_grove, serial_shops, shop,
          kennysheep_generic_room_2
D:9:      layout_long_grid, nicolae_overflow_crystal_walls, uniq_psyche
Temple:   minmay_temple_curvy_branch

Skill      XL: |  1  2  3  4  5  6  7  8  9 10 |
---------------+-------------------------------+-----
Stealth        | 7 8 9 |  9.0
Short Blades   | 3 |  3.0
Dodging        | 3 4 5 6 7 |  7.7
Fighting       | 4 |  4.0
Ice Magic      | 1 2 3 4 6 |  6.9
Spellcasting   | 1 2 4 5 6 |  6.2
Conjurations   | 1 2 4 5 6 |  6.7

Action                   |  1- 3 |  4- 6 |  7- 9 | 10-12 || total
-------------------------+-------+-------+-------+-------++-------
Melee: Short sword       |    32 |       |       |       ||    32
       Constrict         |    12 |    27 |    39 |    10 ||    88
       Tentacles         |     5 |    20 |    45 |     4 ||    74
       Dagger            |    13 |   125 |   192 |    54 ||   384
Throw: Dart              |       |     3 |    21 |       ||    24
 Cast: Searing Ray       |       |       |     4 |     2 ||     6
       Hailstorm         |       |       |     4 |       ||     4
Evoke: Wand              |       |       |    14 |     6 ||    20
  Use: Potion            |     2 |       |     1 |     1 ||     4
       Scroll            |       |    11 |     3 |     1 ||    15
 Stab: Sleeping          |     7 |    25 |    22 |     9 ||    63
       Distracted        |       |     1 |       |     1 ||     2
Armor: Skin              |     6 |     3 |     7 |     1 ||    17
Dodge: Dodged            |    25 |    57 |   125 |    37 ||   244
